 Dungeon Crawl Stone Soup version 0.20-a0-1000-g0e8f6bb (webtiles) character file.

4986 Ordine the Thaumaturge (level 10, -14/59 HPs)
             Began as an Octopode Wizard on Apr 12, 2017.
             Was an Initiate of Vehumet.
             Demolished by a two-headed ogre
             ... wielding a +0 giant spiked club
              (39 damage)
             ... on level 8 of the Dungeon.
             The game lasted 00:41:38 (13776 turns).

Ordine the Thaumaturge (Octopode Wizard)           Turns: 13776, Time: 00:41:40

Health: -14/59     AC:  2    Str:  6    XL:     10   Next: 54%
Magic:  13/22      EV: 15    Int: 24    God:    Vehumet [......]
Gold:   273        SH:  0    Dex: 11    Spells: 8/26 levels left

rFire    + . .     SeeInvis .   x - +0 flail (protect)
rCold    x . .     Gourm    .   (no shield)
rNeg     + . .     Faith    .   a - +1 hat
rPois    .         Spirit   .   (no amulet)
rElec    +         Reflect  .   h - ring of protection from fire
rCorr    .         Harm     .   n - ring of flight
MR       .....                  w - ring of Idush {+Blink rElec rC- rN+ Slay+3}
Stlth    ++++......             (no ring)
Regen    0.2/turn               (no ring)
MPRegen  0.2/turn               (no ring)
                                (no ring)
                                (no ring)

@: no status effects
A: almost no armour, stealthy swim, amphibious, 8 rings, constrict 8, camouflage
1, gelatinous body 1
a: Renounce Religion, Evoke Blink, Evoke Flight


You were on level 8 of the Dungeon.
You worshipped Vehumet.
Vehumet was noncommittal.
You were hungry.

You visited 2 branches of the dungeon, and saw 10 of its levels.

You collected 363 gold pieces.
You spent 90 gold pieces at shops.

Inventory:

Hand Weapons
 x - a +0 flail of protection (weapon)
Armour
 a - a +1 hat (worn)
Jewellery
 h - a ring of protection from fire (left tentacle)
 m - an uncursed ring of fire
 n - a ring of flight (right tentacle)
 w - the ring of Idush (on tentacle) {+Blink rElec rC- rN+ Slay+3}
   (You found it on level 7 of the Dungeon)

   [ring of slaying]

   It affects your accuracy and damage with ranged weapons and melee attacks
   (+3).
   It makes you vulnerable to cold.
   It insulates you from electricity.
   It protects you from negative energy.
   It lets you blink.
Wands
 o - a wand of lightning (8/15)
 y - a wand of enslavement (12/24)
 B - a wand of confusion (18/48)
Scrolls
 f - a scroll of enchant armour
 g - 3 scrolls of remove curse
 r - 3 scrolls of fear
 t - 2 scrolls of recharging
Potions
 d - 5 potions of curing
 e - 2 potions of resistance
 k - 3 potions of mutation
 l - a potion of agility
 p - 3 potions of haste
 q - a potion of might {unknown}
 s - 2 potions of ambrosia {unknown}
 z - a potion of heal wounds {unknown}
Books
 b - a book of Minor Magic

   Spells                             Type                      Level
   a - Magic Dart                     Conjuration                  1
   b - Blink                          Translocation                2
   c - Call Imp                       Summoning                    2
   d - Slow                           Hexes                        2
   e - Conjure Flame                  Conjuration/Fire             3
   f - Mephitic Cloud                 Conjuration/Poison/Air       3
 u - a book of Flames

   Spells                             Type                      Level
   a - Flame Tongue                   Conjuration/Fire             1
   b - Throw Flame                    Conjuration/Fire             2
   c - Conjure Flame                  Conjuration/Fire             3
   d - Inner Flame                    Hexes/Fire                   3
   e - Sticky Flame                   Conjuration/Fire             4
   f - Fireball                       Conjuration/Fire             5
Comestibles
 c - 11 bread rations
 i - 6 meat rations
 j - 10 royal jellies
 v - a fruit


   Skills:
 + Level 1.4 Fighting
 + Level 4.8 Dodging
 - Level 7.0 Stealth
 * Level 8.7 Spellcasting
 + Level 6.4 Conjurations
   Level 1.0 Summonings
 - Level 3.0 Translocations
 + Level 5.1 Fire Magic
 + Level 5.4 Air Magic


You had 8 spell levels left.
You knew the following spells:

 Your Spells              Type           Power        Failure   Level  Hunger
a - Magic Dart            Conj           ####         1%          1    None
b - Blink                 Tloc           N/A          2%          2    None
c - Conjure Flame         Conj/Fire      #####...     1%          3    None
d - Mephitic Cloud        Conj/Pois/Air  ####....     3%          3    None
e - Sticky Flame          Conj/Fire      #####...     8%          4    ##.....
f - Fireball              Conj/Fire      #####.....   21%         5    ####...


Dungeon Overview and Level Annotations

Branches:
Dungeon (9/15)             Temple (1/1) D:7
   Lair: D:8-11         Orc: D:9-12

Altars:
Ashenzari
Cheibriados
Dithmenos
Elyvilon
Fedhas
Gozag
Hepliaklqana
Kikubaaqudgha
Makhleb
Nemelex Xobeh
Okawaru
Qazlal
Ru
Sif Muna
Trog
Uskayaw
Vehumet
Wu Jian
Xom
Yredelemnul
Zin
The Shining One

Shops:
D:8 (

Annotations:
D:8 4 runed doors


Innate Abilities, Weirdness & Mutations

You cannot wear most types of armour.
You are very stealthy in the water. (Stealth+)
You are amphibious.
You can wear up to eight rings at the same time.
You can use your tentacles to constrict eight enemies at once.
Your skin changes colour to match your surroundings (Stealth+).
Your rubbery body absorbs attacks. (AC +1, EV +1)


Message History

The stinking cloud engulfs the orc warrior.
The orc warrior is lightly wounded.
You hear two shouts!
The orc warrior is engulfed in noxious fumes.
The orc warrior appears confused.
Casting: Mephitic Cloud
Confirm with . or Enter, or press ? or * to list all spells.
Aiming: Magic Dart
Press: ? - help, Shift-Dir - straight line, f/p - orc warrior
Aim: an orc warrior, wielding a glaive and wearing a plate armour (flame, lightly wounded, confused)
The magic dart hits the orc warrior.
The orc warrior is lightly wounded.
The orc warrior is engulfed in blazing flames.
Casting: Magic Dart
Confirm with . or Enter, or press ? or * to list all spells.
You blink.
The two-headed ogre shouts in stereo!
The two-headed ogre hits you with a giant spiked club!!!
Ouch! That really hurt!
You die...

[...........####......#
#.............#.......#
#([.............#####.# ######
#..........##...# #.# #....#
#...........##..#####.# #....#
..........o.###.......#####....#
............###................#
.[.........ยงยงยง.O...............#
..##..##########@)###....##....#
......# #..# ####..#....## ...####
###..#######.#...... ##.######
#........###........
........######...................
......................#########..
........######........# #..
........# ########## #.. ........#
###


You could see a two-headed ogre.

Vanquished Creatures
  Prince Ribbit (D:7)
  2 hippogriffs
  2 wyverns
  A human (D:7)
  A yak (D:7)
  3 hogs (D:7)
  A water moccasin (D:7)
  An orc warrior (D:8)
  2 ice beasts
  A phantom (D:6)
  A black bear (D:6)
  A necrophage (D:6)
  5 ogres
  2 centaurs
  A big kobold (D:8)
  Blork the orc (D:6)
  4 bullfrogs
  2 scorpions
  7 wights
  A howler monkey (D:4)
  3 crimson imps
  A quasit (D:7)
  A bullfrog zombie (D:8)
  2 hounds
  2 centaur zombies (D:7)
  2 bullfrog skeletons
  2 orc priests
  A centaur skeleton (D:8)
  4 jellies
  A gnoll shaman (D:4)
  2 iguanas (D:7)
  Natasha (thrice) (D:4)
  6 orc wizards
  8 worker ants
  2 hound skeletons (D:4)
  A howler monkey zombie (D:7)
  A worker ant zombie (D:8)
  A howler monkey skeleton (D:7)
  9 gnolls
  14 adders
  A shadow imp (D:8)
  3 oozes
  An adder skeleton (D:7)
  An adder zombie (D:7)
  A worm (D:4)
  A dart slug (D:4)
  10 leopard geckos
  38 orcs
  11 giant cockroaches
  5 goblins
  8 hobgoblins
  20 jackals
  5 quokkas
  3 ball pythons
  8 bats
  7 frilled lizards
  10 kobolds
  A leopard gecko skeleton (D:4)
  A quokka zombie (D:5)
  3 rats
244 creatures vanquished.

Notes
Turn   | Place    | Note
-------+----------+-------------------------------------------
     0 | D:1      | Ordine the Octopode Wizard began the quest for the Orb.
     0 | D:1      | Reached XP level 1. HP: 11/11 MP: 4/4
   313 | D:1      | Reached XP level 2. HP: 12/17 MP: 0/6
   361 | D:1      | Learned a level 2 spell: Blink
   891 | D:1      | Reached XP level 3. HP: 21/21 MP: 4/7
  1589 | D:2      | Reached XP level 4. HP: 27/27 MP: 5/9
  2231 | D:3      | Found an iron altar of Okawaru.
  2289 | D:3      | Found a stormy altar of Qazlal.
  2289 | D:3      | Found a shattered altar of Ashenzari.
  2487 | D:3      | Reached XP level 5. HP: 31/31 MP: 1/10
  2608 | D:3      | Reached skill level 4 in Spellcasting
  3918 | D:4      | Learned a level 3 spell: Conjure Flame
  3922 | D:4      | Learned a level 3 spell: Mephitic Cloud
  3953 | D:4      | Reached XP level 6. HP: 20/36 MP: 0/12
  4487 | D:4      | Reached skill level 5 in Stealth
  5028 | D:4      | Noticed Natasha
  5050 | D:4      | Killed Natasha
  5050 | D:4      | Reached skill level 5 in Spellcasting
  5122 | D:4      | Reached XP level 7. HP: 32/41 MP: 2/14
  5441 | D:4      | Found a shimmering altar of Xom.
  5492 | D:4      | Found a shadowy altar of Dithmenos.
  5530 | D:4      | Noticed Natasha
  5534 | D:4      | Killed Natasha
  5625 | D:4      | Noticed Natasha
  5628 | D:4      | Killed Natasha
  6041 | D:5      | Entered Level 5 of the Dungeon
  6071 | D:5      | Reached skill level 1 in Air Magic
  6211 | D:5      | Reached skill level 1 in Fire Magic
  6341 | D:5      | Found a glowing golden altar of the Shining One.
  6382 | D:5      | Found a deep blue altar of Sif Muna.
  6859 | D:5      | Reached XP level 8. HP: 46/46 MP: 10/16
  7314 | D:5      | Reached skill level 6 in Spellcasting
  7350 | D:6      | Noticed Blork the orc
  7359 | D:6      | Killed Blork the orc
  8560 | D:6      | Reached XP level 9. HP: 42/51 MP: 9/19
  8700 | D:6      | Reached skill level 5 in Conjurations
  9023 | D:6      | Reached skill level 7 in Spellcasting
  9258 | D:7      | Noticed Prince Ribbit
  9295 | D:7      | Killed Prince Ribbit
  9432 | D:7      | Got a transparent glass ring
  9433 | D:7      | Identified the ring of Idush {+Blink rElec rC- rN+ Slay+3} (You found it on level 7 of the Dungeon)
 10742 | D:7      | Reached skill level 8 in Spellcasting
 10751 | D:7      | Learned a level 4 spell: Sticky Flame
 10757 | D:7      | Learned a level 5 spell: Fireball
 10875 | D:7      | Found a staircase to the Ecumenical Temple.
 10882 | Temple   | Entered the Ecumenical Temple
 10962 | Temple   | Became a worshipper of Vehumet
 11127 | D:7      | Reached XP level 10. HP: 49/56 MP: 12/22
 12104 | D:8      | Found a huge runed gate.
 12104 | D:8      | Found a huge runed gate.
 12104 | D:8      | Found a huge runed gate.
 12104 | D:8      | Found a huge runed gate.
 12104 | D:8      | Noticed a death yak
 12104 | D:8      | Noticed a manticore
 12232 | D:8      | Found a sacrificial altar of Ru.
 12241 | D:8      | Found Xiumnely's Weapon Emporium.
 12264 | D:8      | Found a shimmering altar of Xom.
 12313 | D:8      | Reached skill level 5 in Air Magic
 12804 | D:8      | Reached skill level 1 in Fighting
 12825 | D:8      | Noticed a two-headed ogre
 12963 | D:8      | Reached * piety under Vehumet
 12963 | D:8      | Offered knowledge of Sandblast by Vehumet.
 12974 | D:8      | Found Zin's Purification Station.
 13065 | D:8      | Found a glowing silver altar of Zin.
 13068 | D:8      | Bought a potion of curing for 90 gold pieces
 13219 | D:9      | Reached skill level 5 in Fire Magic
 13776 | D:8      | Demolished by a two-headed ogre

Vault maps used:
D:1:      minmay_arrival_four_loops
D:3:      gammafunk_temple_overflow_elements, okawaru_gym_becter
D:4:      lemuel_doored_altar, xom_teletrap_fun, uniq_natasha
D:5:      first_bread, basic_altar, nicolae_tso_carved_into_rock
D:6:      uniq_blork_the_orc
D:7:      minmay_temple_entry_nine_rooms, grunt_livestock, uniq_prince_ribbit1
D:8:      lemuel_bear_cage, zin_purify, overflow_temple_1_default, serial_shops,
          shop, basic_altar
Temple:   eino_temple_scatter_basement

Skill      XL: |  1  2  3  4  5  6  7  8  9 10 |
---------------+-------------------------------+-----
Stealth        | 3 4 5 6 7 |  7.0
Conjurations   | 2 3 4 6 |  6.4
Spellcasting   | 4 5 6 8 |  8.7
Translocations | 2 3 |  3.0
Air Magic      | 1 3 4 5 |  5.4
Fire Magic     | 1 3 4 5 |  5.1
Dodging        | 4 |  4.8
Fighting       | 1 |  1.4
Summonings     | |  1.0

Action                   |  1- 3 |  4- 6 |  7- 9 | 10-12 || total
-------------------------+-------+-------+-------+-------++-------
Melee: Unarmed           |    14 |    45 |    15 |       ||    74
       Constrict         |     3 |     4 |     5 |       ||    12
       Tentacles         |     1 |     3 |     3 |       ||     7
       Flail             |       |       |     4 |       ||     4
 Cast: Magic Dart        |    66 |   194 |   461 |   232 ||   953
       Mephitic Cloud    |       |     6 |    13 |     8 ||    27
       Conjure Flame     |       |     1 |    23 |    12 ||    36
       Blink             |       |     1 |     8 |     6 ||    15
  Use: Scroll            |     1 |     4 |     9 |     3 ||    17
       Potion            |       |     2 |       |       ||     2
  Eat: Chunk             |     2 |     8 |    13 |     8 ||    31
       Meat ration       |       |     1 |       |       ||     1
       Royal jelly       |       |       |     1 |       ||     1
       Fruit             |       |       |     1 |       ||     1
Armor: Skin              |     1 |    32 |     5 |     5 ||    43
Dodge: Dodged            |     8 |    69 |    45 |    49 ||   171
